 Dungeon Crawl Stone Soup version 0.30-a0-870-gc5d4c5acee (webtiles) character file.

Game seed: 2949289312448932027

30 Rocko1345 the Shield-Bearer (level 3, -3/30 HPs)
             Began as a Formicid Fighter on Mar 11, 2023.
             Slain by a goblin
             ... wielding a +0 club
             ... led by Robin
              (5 damage)
             ... on level 2 of the Dungeon on Mar 12, 2023.
             The game lasted 00:03:56 (756 turns).

Rocko1345 the Shield-Bearer (Formicid Fighter)       Turns: 756, Time: 00:03:57

Health: -3/30      AC:  9    Str: 22    XL:     3   Next: 35%
Magic:  3/3        EV:  7    Int:  7    God:
Gold:   36         SH:  5    Dex: 13    Spells: 2/2 levels left

rFire   . . .      SeeInvis +    a - +0 war axe
rCold   . . .      Faith    .    c - +0 buckler
rNeg    . . .      Spirit   .    l - +0 chain mail
rPois   .          Reflect  .    (helmet unavailable)
rElec   .          Rampage  .    (no cloak)
rCorr   .                        (no gloves)
Will    .....                    (no boots) Stlth
                                 (no amulet)
HPRegen 0.25/turn                h - ring of flight
MPRegen 0.08/turn                (no ring)

@: mighty, lethally poisoned (-3 -> -6), flying
A: permanent stasis, dig shafts and tunnels, antennae 3, four strong arms
a: Dig, Shaft Self


You were on level 2 of the Dungeon.
You visited 1 branch of the dungeon, and saw 2 of its levels.

You collected 36 gold pieces.

Inventory:

Hand Weapons
 a - a +0 war axe (weapon)
Missiles
 e - 3 boomerangs (quivered)
Armour
 b - a +0 scale mail
 c - a +0 buckler (worn)
 l - a +0 chain mail (worn)
Jewellery
 h - a ring of flight (left hand)
Scrolls
 f - a scroll of silence {unknown}
 g - a scroll of torment {unknown}
Potions
 i - a potion of heal wounds {unknown}
 j - a potion of curing {unknown}
 k - a potion of attraction {unknown}


   Skills:
 + Level 3.7 Fighting
 + Level 2.1 Axes
 * Level 1.0 Throwing
 * Level 3.6 Armour
 + Level 4.3 Shields


You had 2 spell levels left.
You didn't know any spells.
Your spell library was empty.

Dungeon Overview and Level Annotations

Branches:
Dungeon (2/15)

Altars:

Annotations:
D:2 Robin


Innate Abilities, Weirdness & Mutations

You cannot be hasted, slowed, berserked, paralysed or teleported.
You can dig through walls and to a lower floor.
You have a pair of large antennae on your head. (SInv)
Your four strong arms can wield two-handed weapons with a shield.


Message History

The goblin barely misses you.
The hobgoblin hits you but does no damage.
You block the goblin's attack. The goblin hits you with a +0 dagger.
The goblin hits you but does no damage.
Your Throwing skill increases to level 1!
You closely miss the goblin. x2; You slash the hobgoblin!
You kill the hobgoblin!
You closely miss the goblin. You hit the goblin.
You kill the goblin!
You barely miss the goblin. The goblin hits you but does no damage.
The goblin barely misses you.
The goblin hits you with a +3 dagger of venom.
You are poisoned.
The goblin hits you but does no damage.
You hit the goblin.
You kill the goblin!
You barely miss the goblin. You miss the goblin. You slash the goblin!
You kill the goblin!
You barely miss the goblin.
You feel very sick.
The goblin hits you with a +0 club. x2; The goblin hits you but does no damage.
You feel sick. The goblin hits you but does no damage.
Robin throws the goblin at you! The goblin barely misses you.
There is a stone staircase leading up here.
Things that are here:
a +0 dagger; a goblin corpse The goblin attacks as you move away!
The goblin hits you but does no damage. The hobgoblin attacks as you move away!
The hobgoblin hits you.
* * * LOW HITPOINT WARNING * * *
Found 11 gold pieces.
* * * LOW HITPOINT WARNING * * *
You feel sick.
Robin's horned helmet rattles.
Robin throws the goblin at you!
The goblin hits you but does no damage. x2
You feel very mighty all of a sudden.
* * * LOW HITPOINT WARNING * * *
You feel sick.
The hobgoblin hits you but does no damage.
The goblin hits you with a +0 club.
You die...

## .# .# .# .#
##########)####
......g@gg!...#
###....gg.)g..#
#...........+
#?.........?#
........#+####
$......#.#
..###..#.# ..
.....#


You could see Robin, 2 hobgoblins and 3 goblins.

Vanquished Creatures
  An endoplasm (D:1)
  A giant cockroach (D:1)
  9 goblins
  4 hobgoblins
  3 quokkas (D:1)
  A ball python (D:1)
  2 bats (D:1)
  A frilled lizard (D:1)
  A kobold (D:1)
  A rat (D:1)
24 creatures vanquished.

Notes
Turn   | Place    | Note
-------+----------+-------------------------------------------
     0 | D:1      | Rocko1345 the Formicid Fighter began the quest for the Orb.
     0 | D:1      | Reached XP level 1. HP: 18/18 MP: 1/1
   330 | D:1      | Reached XP level 2. HP: 25/25 MP: 2/2
   652 | D:1      | Reached XP level 3. HP: 30/30 MP: 3/3
   748 | D:2      | Noticed Robin
   752 | D:2      | Reached skill level 1 in Throwing
   756 | D:2      | Slain by a goblin

Illustrated notes

Levels and vault maps discovered:
D:1:      minmay_arrival_widening_spiral_narrow, layout_basic, minmay_ruptured
D:2:      layout_basic, hellmonk_ecumenical_altar_lost_god, uniq_robin

Skill      XL: |  1  2  3 |
---------------+----------+-----
Throwing       | 1 |  1.0
Fighting       | |  3.7
Axes           | |  2.1
Armour         | |  3.6
Shields        | |  4.3

Action                     || total
---------------------------++-------
  Melee: War axe           ||    15
  Throw: Boomerang         ||    29
    Use: Potion            ||     1
 Armour: Scale mail        ||     8
         Chain mail        ||    14
  Dodge: Dodged            ||    10
  Block: Buckler           ||     7

Table legend: (Time is in decaauts)
 A = Elapsed time spent in this place.
 B = Non-inter-level travel time spent in this place.
 C = Inter-level travel time spent in this place.
 D = Time resting spent in this place.
 E = Time spent auto-exploring this place.
 F = Levels seen in this place.
 G = Mean time per level.
                   A        B        C        D        E       F      G
               +--------+--------+--------+--------+--------+-----+--------+
         Total |    771 |    752 |     19 |      0 |    594 |   2 |  385.5 |
       Dungeon |    771 |    752 |     19 |      0 |    594 |   2 |  385.5 |
               +--------+--------+--------+--------+--------+-----+--------+

Top non-repeatable levels by time:
     D:1: 761 daAuts
     D:2: 9 daAuts
